 Dungeon Crawl Stone Soup version 0.30-a0-557-ge2afbf3030 (webtiles) character file.

Game seed: 14867791581361666232

1053 stormannn the Scholar of Death (level 8, -14/41 HPs)
             Began as a Vampire Necromancer on Dec 28, 2022.
             Was a Follower of Kikubaaqudgha.
             Demolished by Pikel
             ... wielding a +1 whip of electrocution
              (18 damage)
             ... on level 6 of the Dungeon.
             The game lasted 00:20:31 (5285 turns).

stormannn the Scholar of Death (VpNe)               Turns: 5285, Time: 00:20:31

Health: -14/41     AC:  8    Str:  7    XL:     8   Next: 5%
Magic:  14/14      EV: 11    Int: 24    God:    Kikubaaqudgha [*.....]
Gold:   338        SH:  0    Dex: 14    Spells: 9/15 levels left

rFire   . . .      SeeInvis +    r - +1 falchion (heavy)
rCold   + + .      Faith    .    (no shield)
rNeg    + + +      Spirit   .    n - +1 ring mail of Feasting {Int+4}
rPois   ∞          Reflect  .    j - +0 helmet
rElec   .          Harm     .    e - +0 cloak
rCorr   .          Rampage  .    (no gloves)
Will    .....                    (no boots)
Stlth   +++++                    (no amulet)
HPRegen 0.00/turn                (no ring)
MPRegen 0.14/turn                (no ring)

@: bloodless, inhibited regen
A: bloodless, fangs 3, see invisible, vampiric 2, passive freeze
a: Bat Form, Revivify, Renounce Religion, Unearth Wretches


You were on level 6 of the Dungeon.
You worshipped Kikubaaqudgha.
Kikubaaqudgha was aware of your devotion.
You visited 2 branches of the dungeon, and saw 7 of its levels.

You collected 338 gold pieces.

Inventory:

Hand Weapons
 r - a +1 heavy falchion (weapon)
Armour
 a - a +0 robe
 e - a +0 cloak (worn)
 j - a +0 helmet (worn)
 n - the +1 ring mail of Feasting (worn) {Int+4}
   (You found it on level 3 of the Dungeon)

   Int:       It affects your intelligence (+4).
Magical Staves
 m - a staff of cold
Wands
 o - a wand of roots (7)
Scrolls
 c - a scroll of teleportation
 k - 3 scrolls of identify
 q - 2 scrolls of amnesia
Potions
 b - a potion of magic
 d - a potion of mutation
 g - 2 potions of cancellation
 h - 2 potions of ambrosia
 p - a potion of attraction


   Skills:
 - Level 5.0 Dodging
 - Level 7.2 Stealth
 - Level 4.2 Spellcasting
 * Level 7.7 Necromancy
 - Level 0.9 Air Magic


You had 9 spell levels left.
You knew the following spells:

 Your Spells              Type           Power      Damage    Failure   Level
a - Necrotise             Necr           100%       1d9       1%          1
b - Vampiric Draining     Necr           42%        2d9       4%          3
c - Cigotuvi's Dreadful   Necr/Pois/Air  38%        N/A       16%         2

Your spell library contained the following spells:

 Spells                   Type           Power      Damage    Failure   Level
 Sublimation of Blood     Necr           42%        N/A       2%          2
 Kiss of Death            Conj/Necr      92%        2d12      7%          1
 Animate Dead             Necr           42%        N/A       14%         4
 Agony                    Necr           42%        N/A       36%         5
 Poisonous Vapours        Pois/Air       14%        N/A       38%         2
 Blink                    Tloc           10%        N/A       45%         2
 Momentum Strike          Conj/Tloc      10%        3d8       45%         2
 Mephitic Cloud           Conj/Pois/Air  6%         N/A       65%         3
 Lesser Beckoning         Tloc           10%        N/A       71%         3


Dungeon Overview and Level Annotations

Branches:
Dungeon (6/15)             Temple (1/1) D:4

Altars:
Cheibriados
Dithmenos
Fedhas
Gozag
Hepliaklqana
Kikubaaqudgha
Makhleb
Okawaru
Ru
Trog
Vehumet
Xom

Annotations:
D:3 Grinder
D:4 exclusion: black bear, Natasha
D:6 Pikel
Temple 2 transporters


Innate Abilities, Weirdness & Mutations

You do not regenerate when monsters are visible.
You are frail without blood (-20% HP).
You can heal yourself when you bite living creatures.
You are immune to poison.
You have razor-sharp teeth.
You have supernaturally acute eyesight. (SInv)
You are afflicted with vampirism and can become a bat while bloodless.
A frigid envelope surrounds you and freezes all who hurt you.


Message History

Press: ? - help, v - describe, . - travel, g - get item
Items here: a +0 long sword; a +0 chain mail.
An open door, spattered with blood.
There is an escape hatch in the floor here.
There is a stone staircase leading down here.
You climb downwards.
Found 7 gold pieces.
There is a stone staircase leading up here.
Okay, then.
You now have 323 gold pieces (gained 7).
You now have 338 gold pieces (gained 15).
An ufetubus comes into view.
There is a stone staircase leading up here.
q - 2 scrolls of amnesia (gained 1) 2 lemures come into view.
The lemure shouts! x2; You hear a shout!
Pikel, Merchant of Souls comes into view.
He is wielding a +1 whip of electrocution and wearing a +2 robe of willpower.
You hear a shout!
You hit the lemure but do no damage.
A lemure comes into view.
The lemure attacks as you move away! The lemure barely misses you.
You hit the lemure. Your bite misses the lemure.
The lemure is lightly wounded.
The lemure hits you.
The lemure is very cold.
The lemure is heavily wounded.
The lemure closely misses you.
You hit the lemure.
The lemure is heavily wounded.
Casting: Cigotuvi's Dreadful Rot (safe; 16% risk of failure)
Confirm with . or Enter, or press ? or * to list all spells.
Okay, then.
You closely miss Pikel.
Pikel hits you with a +1 whip of electrocution.
You are electrocuted!!
Pikel is very cold.
Pikel is moderately wounded.
Pikel hits you with a +1 whip of electrocution!
* * * LOW HITPOINT WARNING * * *
You are electrocuted!!
You die...
Kikubaaqudgha rasps: "You have failed me!
Welcome... oblivion!"

#### ..# #####5#
#.# #55.K.#
#.###### #K####
#......#
#@##.######.....<#
#......#.##......#
##.#.............#
#.#...#..#.....##
#.#..............
..#.###.#.......#
###.. #.........#
### #.#.......#
...#.......#


You could see Pikel and 2 lemures.

Vanquished Creatures
  2 water moccasins (D:5)
  A black bear (D:5)
  An orc warrior (D:5)
  An ice beast (D:5)
  2 scorpions (D:5)
  A jelly (D:5)
  3 hounds
  Ijyb (D:3)
  An iguana (D:5)
  Natasha (D:4)
  11 adders
  A gnoll (D:5)
  3 white imps (D:5)
  An ufetubus (D:5)
  2 worms
  5 dart slugs
  7 orcs
  7 bats
  6 endoplasms
  4 giant cockroaches
  7 goblins
  11 hobgoblins
  5 jackals
  6 kobolds
  4 quokkas
  5 ball pythons
  A frilled lizard (D:2)
  A rat (D:3)
101 creatures vanquished.

Vanquished Creatures (collateral kills)
  A quokka (D:2)
  A bat (D:1)
  A rat (D:1)
3 creatures vanquished.

Grand Total: 104 creatures vanquished

Notes
Turn   | Place    | Note
-------+----------+-------------------------------------------
     0 | D:1      | stormannn the Vampire Necromancer began the quest for the
                  | Orb.
     0 | D:1      | Reached XP level 1. HP: 13/13 MP: 3/3
   153 | D:1      | Reached XP level 2. HP: 17/17 MP: 0/5
   552 | D:1      | Gained mutation: You are afflicted with vampirism and can
                  | become a bat while bloodless. [Vampire growth]
   552 | D:1      | Reached XP level 3. HP: 7/21 MP: 2/6
  1253 | D:2      | Reached skill level 5 in Necromancy
  1389 | D:2      | Reached XP level 4. HP: 26/27 MP: 5/7
  1467 | D:2      | Learned a level 3 spell: Vampiric Draining
  2303 | D:3      | Noticed Grinder
  2309 | D:3      | Gained mutation: A frigid envelope surrounds you and
                  | freezes all who hurt you. [potion of mutation]
  2487 | D:3      | Found a shadowy altar of Dithmenos.
  2498 | D:3      | Identified the +1 ring mail of Feasting {Int+4}
  2582 | D:3      | Noticed Ijyb
  2587 | D:3      | Killed Ijyb
  2588 | D:3      | Reached XP level 5. HP: 22/28 MP: 9/9
  2699 | D:3      | Found a faded altar of an unknown god.
  2845 | D:3      | Learned a level 2 spell: Cigotuvi's Dreadful Rot
  2855 | D:4      | Found a staircase to the Ecumenical Temple.
  2903 | Temple   | Entered the Ecumenical Temple
  2903 | Temple   | Found a transporter.
  2903 | Temple   | Found a transporter.
  2905 | Temple   | Found a transporter.
  2905 | Temple   | Found a transporter.
  2940 | Temple   | Became a worshipper of Kikubaaqudgha
  3035 | D:4      | Noticed a black bear
  3096 | D:4      | Noticed Natasha
  3103 | D:4      | Killed Natasha
  3140 | D:4      | Reached skill level 5 in Stealth
  3313 | D:4      | Found a bloodstained altar of Trog.
  3340 | D:4      | Found a radiant altar of Vehumet.
  3403 | D:4      | Noticed Natasha
  3520 | D:5      | Entered Level 5 of the Dungeon
  3610 | D:5      | Reached XP level 6. HP: 7/32 MP: 10/10
  3709 | D:5      | Noticed a water moccasin
  3715 | D:5      | Killed a water moccasin
  4035 | D:5      | Noticed an ice beast
  4083 | D:5      | Killed an ice beast
  4677 | D:5      | Reached XP level 7. HP: 36/36 MP: 12/12
  4808 | D:5      | Reached * piety under Kikubaaqudgha
  4808 | D:5      | Received a gift from Kikubaaqudgha
  5023 | D:5      | Reached skill level 5 in Dodging
  5023 | D:5      | Reached XP level 8. HP: 2/41 MP: 12/14
  5280 | D:6      | Noticed Pikel
  5285 | D:6      | Demolished by Pikel

Illustrated notes

Levels and vault maps discovered:
D:1:      saegor_arrival_simple_e, layout_rooms
D:2:      layout_basic, minmay_close_crescents
D:3:      layout_rooms, nicolae_dithmenos_through_a_glass_darkly,
          dilly_ecumenical_altar_fadedgnrine, uniq_grinder, uniq_ijyb
D:4:      layout_cave_pools, mainiacjoe_overflow_cross_hatched,
          vehumet_crystals, minmay_temple_entry_poolview, uniq_natasha
D:5:      kennysheep_windowed_halls, layout_cave_pods,
          hangedman_decor_clover_reticule, minmay_misc_feat_enclosed
D:6:      layout_basic, serial_shops, kennysheep_mini, uniq_pikel,
          uniq_crazy_yiuf_cottage
Temple:   hellmonk_temple_divided_pantheon

Skill      XL: |  1  2  3  4  5  6  7 |
---------------+----------------------+-----
Stealth        | 4 5 6 7 |  7.2
Necromancy     | 5 6 7 |  7.7
Dodging        | 3 4 5 |  5.0
Spellcasting   | 3 4 |  4.2
Air Magic      | |  0.9

Action                   |  1- 3 |  4- 6 |  7- 9 || total
-------------------------+-------+-------+-------++-------
Melee: Unarmed           |    29 |       |       ||    29
       Bite              |     4 |     6 |     7 ||    17
       Dagger            |    26 |   134 |    34 ||   194
       Falchion          |       |       |     9 ||     9
       Punch             |       |       |     1 ||     1
 Cast: Necrotise         |    51 |    16 |    11 ||    78
       Vampiric Draining |       |     3 |     1 ||     4
       Cigotuvi's Dreadf |       |     1 |     1 ||     2
 Abil: Exsanguinate      |     1 |     1 |       ||     2
       Revivify          |     1 |       |       ||     1
  Use: Scroll            |     2 |    10 |     1 ||    13
       Potion            |       |     3 |     2 ||     5
 Stab: Sleeping          |     1 |    18 |     2 ||    21
       Distracted        |       |     1 |       ||     1
Armor: Robe              |    19 |     5 |       ||    24
       Ring mail         |       |    29 |    21 ||    50
Dodge: Dodged            |    64 |    60 |    31 ||   155

Table legend: (Time is in decaauts)
 A = Elapsed time spent in this place.
 B = Non-inter-level travel time spent in this place.
 C = Inter-level travel time spent in this place.
 D = Time resting spent in this place.
 E = Time spent auto-exploring this place.
 F = Levels seen in this place.
 G = Mean time per level.
                   A        B        C        D        E       F      G
               +--------+--------+--------+--------+--------+-----+--------+
         Total |   5274 |   4975 |    299 |    528 |   3263 |   7 |  753.4 |
       Dungeon |   5219 |   4920 |    299 |    528 |   3257 |   6 |  869.8 |
        Temple |     54 |     54 |      0 |      0 |      6 |   1 |   54.0 |
               +--------+--------+--------+--------+--------+-----+--------+

Top non-repeatable levels by time:
     D:5: 1713 daAuts
     D:2: 1234 daAuts
     D:1: 842 daAuts
     D:3: 767 daAuts
     D:4: 619 daAuts
  Temple: 54 daAuts
     D:6: 42 daAuts
